 Dungeon Crawl Stone Soup version 0.30.1-9-gdf580d7c3d (webtiles) character file.

Game seed: 14675106522895521707

497 Chiseanne the Trooper (level 6, -3/51 HPs)
             Began as a Demonspawn Wanderer on Oct 13, 2023.
             Was an Initiate of Gozag.
             Slain by an ogre
             ... wielding a +0 giant spiked club
              (19 damage)
             ... on level 5 of the Dungeon.
             The game lasted 00:06:52 (3693 turns).

Chiseanne the Trooper (Demonspawn Wanderer)         Turns: 3693, Time: 00:06:52

Health: -3/51      AC: 23    Str: 15    XL:     6   Next: 93%
Magic:  6/6        EV: 10    Int: 11    God:    Gozag
Gold:   344        SH:  0    Dex: 14    Spells: 5/5 levels left

rFire   . . .        a - +3 falchion
rCold   + . .        (no shield)
rNeg    . . .        o - +0 scale mail
rPois   .            (helmet restricted)
rElec   .            k - scarf {+Inv}
rCorr   .            D - +2 pair of gloves
SInv    .            (no boots)
Will    .....        p - amulet of magic regeneration Stlth
                     l - +4 ring of protection
HPRegen 0.28/turn    d - ring of protection from cold
MPRegen 0.50/turn

%: no passive effects
@: sanguine armoured
A: horns 2, sanguine armour 2
a: Renounce Religion, Evoke Invisibility, Potion Petition, Call Merchant, Bribe
Branch


You were on level 5 of the Dungeon.
You worshipped Gozag.
Gozag was aware of your devotion.
You visited 2 branches of the dungeon, and saw 6 of its levels.

You collected 385 gold pieces.
You paid 41 gold pieces to Gozag.

Inventory:

Hand Weapons
 a - a +3 falchion (weapon)
 r - a +0 lajatang
Missiles
 e - 6 poisoned darts (quivered)
 g - 35 stones
 x - 2 javelins
Armour
 k - a scarf of invisibility (worn)
 o - a +0 scale mail (worn)
 D - a +2 pair of gloves (worn)
Magical Staves
 A - a staff of air
Jewellery
 d - a ring of protection from cold (right hand)
 l - a +4 ring of protection (left hand)
 p - an amulet of magic regeneration (around neck)
 v - a ring of flight
Wands
 b - a wand of flame (6)
Scrolls
 h - a scroll of amnesia
 n - 5 scrolls of teleportation
 q - a scroll of blinking
 w - a scroll of fear
 B - a scroll of fog
Potions
 c - a potion of lignification
 f - 3 potions of mutation
 i - 3 potions of curing
 j - 2 potions of flight {unknown}
 m - a potion of ambrosia
 t - 2 potions of heal wounds {unknown}
 u - 4 potions of might
 z - a potion of attraction {unknown}


   Skills:
 * Level 5.1 Fighting
 - Level 2.6 Long Blades
 * Level 3.8 Armour
 * Level 3.8 Dodging
 - Level 2.0 Evocations


You had 5 spell levels left.
You didn't know any spells.
Your spell library contained the following spells:

 Spells                   Type           Power      Damage    Failure   Level
 Chain Lightning          Conj/Air       0%         N/A       100%        9
 Fire Storm               Conj/Fire      0%         5d1       100%        9
 Shatter                  Erth           0%         3d5*      100%        9


Dungeon Overview and Level Annotations

Branches:
Dungeon (5/15)             Temple (1/1) D:4

Altars:
Dithmenos
Gozag
Kikubaaqudgha
Makhleb
Okawaru
Qazlal
Ru
Sif Muna
Trog
Vehumet
Ignis

Shops:
D:3 (   D:5 (


Innate Abilities, Weirdness & Mutations

You have a pair of horns on your head.
When seriously injured, your blood forms thick armour. (AC +9)


Message History

You kill the adder!
You now have 313 gold pieces (gained 9).
You now have 322 gold pieces (gained 9).
You now have 330 gold pieces (gained 8).
You now have 344 gold pieces (gained 14).
An ogre comes into view. It is wielding a +0 giant spiked club.
The ogre shouts!
Throw: 10 darts (poison)
Press: ? - help, Q - select action, (/) - cycle Shift-Dir - straight line, f - ogre
Aim: an ogre, wielding a +0 giant spiked club (75% to hit)
You throw a poisoned dart. The poisoned dart hits the ogre.
The ogre is poisoned.
Throw: 9 darts (poison)
Press: ? - help, Q - select action, (/) - cycle Shift-Dir - straight line, f/p - ogre
Aim: an ogre, wielding a +0 giant spiked club (poisoned, 75% to hit)
You throw a poisoned dart. The poisoned dart hits the ogre.
Throw: 8 darts (poison)
Press: ? - help, Q - select action, (/) - cycle Shift-Dir - straight line, f/p - ogre
Aim: an ogre, wielding a +0 giant spiked club (poisoned, 75% to hit)
You throw a poisoned dart. The poisoned dart hits the ogre.
The ogre looks even sicker.
Throw: 7 darts (poison)
Press: ? - help, Q - select action, (/) - cycle Shift-Dir - straight line, f/p - ogre
Aim: an ogre, wielding a +0 giant spiked club (very poisoned, 75% to hit)
You throw a poisoned dart. The poisoned dart hits the ogre.
The ogre looks even sicker.
You hit the ogre. Your headbutt misses the ogre.
The ogre is lightly wounded.
The ogre hits you with a +0 giant spiked club!
You barely miss the ogre.
The ogre is lightly wounded.
The ogre hits you with a +0 giant spiked club!!
* * * LOW HITPOINT WARNING * * *
Your blood congeals into armour.
You hit the ogre. You headbutt the ogre.
The ogre is heavily wounded.
The ogre attacks as you move away!
The ogre hits you with a +0 giant spiked club!!
You die...
Your body crumbles into a pile of gold.

#.#
.......##........#
# #.#
#######.##........#
# #.#
#...#.####.######
#.# #.#. .## #.#
#.# ... .. #.# #.#
..#.## #.# #.#
.<..# #[#
#.########...# #.#
#........@O..# #.#
#########.#..# #.#
#.#(.# #.# #..(.#
#.# ####(#
#.######### (#
#.......... ..
########### ##


You could see an ogre (very poisoned).

Vanquished Creatures
  An ogre (D:5)
  A phantom (D:4)
  2 wights (D:5)
  A hound (D:4)
  An iguana (D:4)
  5 gnolls (D:4)
  3 adders
  A worm (D:2)
  4 dart slugs
  An orc (D:4)
  12 ball pythons
  5 bats
  7 endoplasms
  A giant cockroach (D:1)
  11 hobgoblins
  12 jackals
  5 kobolds
  5 quokkas
  2 frilled lizards
  4 goblins
  3 rats
87 creatures vanquished.

Notes
Turn   | Place    | Note
-------+----------+-------------------------------------------
     0 | D:1      | Chiseanne the Demonspawn Wanderer began the quest for the
                  | Orb.
     0 | D:1      | Chiseanne set off with the following items: a +3 falchion,
                  | a wand of flame (6), a potion of lignification, a +0
                  | leather armour.
     0 | D:1      | Reached XP level 1. HP: 18/18 MP: 1/1
   235 | D:1      | Gained mutation: When seriously injured, your blood forms
                  | armour. (AC +9) [demonic ancestry]
   235 | D:1      | Reached XP level 2. HP: 24/24 MP: 2/2
   381 | D:1      | Gained mutation: You have a pair of small horns on your
                  | head. [demonic ancestry]
   381 | D:1      | Reached XP level 3. HP: 17/29 MP: 3/3
  1033 | D:2      | Found a faded altar of an unknown god.
  1279 | D:3      | Gained mutation: You have a pair of horns on your head.
                  | [demonic ancestry]
  1279 | D:3      | Reached XP level 4. HP: 36/37 MP: 4/4
  1288 | D:3      | Found Wyahu's Antique Weapon Shop.
  2345 | D:4      | Found a staircase to the Ecumenical Temple.
  2367 | Temple   | Entered the Ecumenical Temple
  2406 | Temple   | Became a worshipper of Gozag Ym Sagoz the Greedy
  2464 | D:4      | Reached skill level 4 in Fighting
  2492 | D:4      | Reached XP level 5. HP: 35/42 MP: 5/5
  2724 | D:4      | Noticed a phantom
  2733 | D:4      | Killed a phantom
  2991 | D:4      | Gained mutation: When seriously injured, your blood forms
                  | thick armour. (AC +9) [demonic ancestry]
  2991 | D:4      | Reached XP level 6. HP: 23/49 MP: 6/6
  3334 | D:5      | Entered Level 5 of the Dungeon
  3423 | D:5      | Found Mofid's Antique Weapon Boutique.
  3547 | D:5      | Reached skill level 5 in Fighting
  3693 | D:5      | Slain by an ogre

Illustrated notes

Levels and vault maps discovered:
D:1:      onia_arrival_mini_maze, layout_basic, hangedman_abyss_or_decor_stabs,
          minmay_box_of_dots
D:2:      layout_rooms, shapermc_ecumenical_altar_mp_ritualfount
D:3:      layout_loops_ring, serial_shops, nicolae_shop_statue_plus
D:4:      minmay_razor_zed, layout_basic, zin_academy, temple_doors_e
D:5:      layout_basic, serial_shops, nicolae_shop_peninsula
Temple:   pdpol_scorched_temple

Skill      XL: |  1  2  3  4  5  6 |
---------------+-------------------+-----
Armour         | 2 3 |  3.8
Dodging        | 2 3 |  3.8
Fighting       | 4 5 |  5.1
Long Blades    | |  2.6
Evocations     | |  2.0

Action                     |  1- 3 |  4- 6 || total
---------------------------+-------+-------++-------
  Melee: Falchion          |   120 |   128 ||   248
         Headbutt          |    10 |    21 ||    31
         Punch             |       |     1 ||     1
  Throw: Dart              |       |    16 ||    16
    Use: Scroll            |    10 |     4 ||    14
 Armour: Leather armour    |    27 |       ||    27
         Scale mail        |    31 |    47 ||    78
  Dodge: Dodged            |    73 |    74 ||   147
